 Dungeon Crawl Stone Soup version 0.19.1 (webtiles) character file.

226 Kit the Skirmisher (level 5, 0/70 HPs)
             Began as a Minotaur Fighter on Dec 1, 2016.
             Succumbed to a scorpion's poison
             ... on level 4 of the Dungeon on Dec 3, 2016.
             The game lasted 00:12:18 (2012 turns).

Kit the Skirmisher (Minotaur Fighter)               Turns: 2012, Time: 00:12:19

Health: 0/70       AC: 22    Str: 26 (27) XL:     5   Next: 69%
Magic:  4/4        EV:  2    Int:  2 (5)  God:
Gold:   195        SH:  0    Dex: 11 (14) Spells: 0 memorised, 4 levels left

rFire  + . .     SeeInvis .     a - +0 war axe
rCold  + . .     Gourm    .     (armour currently unavailable)
rNeg   + + +     Faith    .     c - +0 shield
rPois  +         Spirit   .     (helmet currently unavailable)
rElec  +         Reflect  .     (cloak currently unavailable)
rCorr  +         Harm     .     (gloves currently unavailable)
MR     .....     NoTele   +     (boots currently unavailable)
Stlth  ++........               (no amulet)
                                (no ring)
                                j - +3 ring of evasion

@: confused, mighty, agile, lethally poisoned (0 -> -1), tree-form, resistant,
very slightly contaminated, hasted, very quick
A: (retaliatory headbutt), (horns 0), (talons 0)
a: no special abilities


You were on level 4 of the Dungeon.
You were very hungry.
You were a tree.
You visited 1 branch of the dungeon, and saw 4 of its levels.

You collected 195 gold pieces.

Inventory:

Hand Weapons
 a - a +0 war axe (weapon)
Missiles
 z - 6 needles of paralysis
Armour
 b - a +0 scale mail (melded)
 c - a +0 shield (worn)
Jewellery
 j - a +3 ring of evasion (left branch)
Wands
 t - a wand of flame (24/48)
Scrolls
 e - 2 scrolls of enchant weapon
 h - 2 scrolls of noise
 m - 2 scrolls of amnesia
 v - a scroll of teleportation
 x - a scroll of identify
 y - a scroll of magic mapping
Potions
 n - 3 potions of lignification
 p - a potion of berserk rage
 q - a potion of brilliance
Comestibles
 f - a bread ration
 l - a slice of pizza
 r - 2 meat rations


   Skills:
 + Level 4.9 Fighting
 + Level 3.9 Axes
 + Level 4.6 Armour
 + Level 2.4 Dodging
 + Level 4.6 Shields


You had 4 spell levels left.
You didn't know any spells.

Dungeon Overview and Level Annotations

Branches:
Dungeon (4/15)
 Temple: D:4-7

Altars:


Innate Abilities, Weirdness & Mutations

((You reflexively headbutt those who attack you in melee.))
((You have a pair of horns on your head.))
((You have sharp toenails.))


Message History

It was a scroll of immolation.
As you read the scroll labeled GIBRO DUS PIL, it crumbles to dust.
You feel aware of your surroundings.
You sensed 1 altar, and 5 shops/portals.
It was a scroll of magic mapping.
* * * LOW HITPOINT WARNING * * *
You feel sick. The orc barely misses you.
Something hits you but does no damage. The orc hits you with a mace.
* * * LOW HITPOINT WARNING * * *
The orc hits you but does no damage. x2
As you read the scroll labeled VAERUQ RUTHOX, it crumbles to dust.
You cannot teleport because you are held in place by your roots.
It was a scroll of blinking.
You hear some strange, mumbled words.
You are confused.
The orc hits you but does no damage.
You feel very mighty all of a sudden.
The orc hits you but does no damage. x3; Something completely misses you.
You feel agile all of a sudden.
You die...

,,,,,,,,,,,** *,,,,*
**,,,,,,,..#* *....**
*,,,,,,,...#* #...,,*
**,,,,,,,#..####..#*,*
*,,,,,,**#.......#***
****,,** #.......#
**,** #..o....## **,**
*#..{oo..## **,**
#..o♣.#..#* **,,*
#....$.#,,** **,,**
##....<#*,,** *,,**
#.....#**,,** ** ,,**
#..#### **,,** *, ,**
##.,* **,,** ***+ **
#.,* **,,***,+∩ *
#.,** **,,,,,*+
*,,,*** **,,**,,,


You could see 4 orcs.

Vanquished Creatures
  A scorpion (D:4)
  Ijyb (D:3)
  Terence (D:2)
  6 adders
  A worm (D:2)
  2 dart slugs
  2 leopard geckos (D:3)
  An orc (D:3)
  11 bats
  3 giant cockroaches
  7 goblins
  5 hobgoblins
  7 jackals
  A quokka (D:3)
  A ball python (D:3)
  3 frilled lizards (D:1)
  8 kobolds
  6 rats
67 creatures vanquished.

Notes
Turn   | Place    | Note
-------+----------+-------------------------------------------
     0 | D:1      | Kit the Minotaur Fighter began the quest for the Orb.
     0 | D:1      | Reached XP level 1. HP: 19/19 MP: 0/0
   341 | D:1      | Reached XP level 2. HP: 27/27 MP: 1/1
   582 | D:1      | Reached skill level 1 in Dodging
   632 | D:1      | Reached XP level 3. HP: 32/33 MP: 2/2
   944 | D:2      | Reached XP level 4. HP: 40/40 MP: 3/3
  1015 | D:2      | Noticed Terence
  1023 | D:2      | Killed Terence
  1423 | D:3      | Reached XP level 5. HP: 33/47 MP: 4/4
  1776 | D:3      | Noticed Ijyb
  1789 | D:3      | Killed Ijyb
  1978 | D:4      | Gained mutation: You are agile. (Dex +2) [potion of mutation]
  1978 | D:4      | Lost mutation: You are agile. (Dex +2) [potion of mutation]
  1978 | D:4      | Gained mutation: You have sharp toenails. [potion of mutation]
  2005 | D:4      | HP: 3/70 [poisoned by a scorpion]
  2009 | D:4      | HP: 1/70 [orc/mace (1)]
  2012 | D:4      | Succumbed to a scorpion's poison

Skill      XL: |  1  2  3  4  5 |
---------------+----------------+-----
Fighting       | 4 |  4.9
Dodging        | 1 2 |  2.4
Axes           | 3 |  3.9
Shields        | 4 |  4.6
Armour         | 4 |  4.6

Action                   |  1- 3 |  4- 6 || total
-------------------------+-------+-------++-------
Melee: War axe           |    95 |    91 ||   186
       Headbutt          |    10 |    14 ||    24
  Use: Scroll            |       |    13 ||    13
       Potion            |       |     7 ||     7
  Eat: Chunk             |       |     3 ||     3
Armor: Scale mail        |    58 |    24 ||    82
       Skin              |       |    20 ||    20
Dodge: Dodged            |    29 |    34 ||    63
Block: Shield            |    72 |    42 ||   114
